Selects Airborne Battlegroup
Selects Heavy Machine Gun Paradrop
Selects Smoke Bombing Run
Heavy Machine Gun Paradrop
Heavy Machine Gun Paradrop
Heavy Machine Gun Paradrop
Mechanized Support Center
Construct Medical Station
Heavy Machine Gun Paradrop
M1918 Browning Automatic Rifles
Heavy Machine Gun Paradrop
Selects Carpet Bombing Run
Designate Forward Repair Station
Heavy Machine Gun Paradrop
Selects Paratrooper Squad Paradrop
Paratrooper Squad Paradrop
Paratrooper Squad Paradrop